 Dungeon Crawl Stone Soup version 0.22-a0-799-g88f5e90 (webtiles) character file.

5 iamserjio the Firebug (level 1, -3/10 HPs)
             Began as a Tengu Fire Elementalist on July 21, 2018.
             Killed by nerve-wracking pain
             ... invoked by Jessica
              (12 damage)
             ... on level 2 of the Dungeon.
             The game lasted 00:01:31 (265 turns).

iamserjio the Firebug (Tengu Fire Elementalist)      Turns: 265, Time: 00:01:32

Health: -3/10      AC:  2    Str:  8    XL:     1   Next: 80%
Magic:  2/4        EV: 12    Int: 15    God:
Gold:   44         SH:  0    Dex: 14    Spells: 3/4 levels left

rFire    . . .     SeeInvis .   d - +2 mace (holy)
rCold    . . .     Gourm    .   (no shield)
rNeg     . . .     Faith    .   a - +0 robe
rPois    .         Spirit   .   (helmet restricted)
rElec    .         Reflect  .   (no cloak)
rCorr    .         Harm     .   (no gloves)
MR       .....                  (boots unavailable)
Stlth    ++........             (no amulet)
HPRegen  0.03/turn              (no ring)
MPRegen  0.09/turn              (no ring)

@: no status effects
A: beak, talons 3
a: no special abilities


You were on level 2 of the Dungeon.
You were not hungry.

You visited 1 branch of the dungeon, and saw 2 of its levels.

You collected 44 gold pieces.

Inventory:

Hand Weapons
 d - a +2 mace of holy wrath (weapon)
Armour
 a - a +0 robe (worn)
Scrolls
 e - a scroll of enchant armour {unknown}
 g - a scroll of identify {unknown}
Potions
 b - 2 potions of curing {unknown}
 f - a potion of cancellation {unknown}
 h - 2 potions of haste {unknown}
Comestibles
 c - 4 rations


   Skills:
 - Level 2.1 Dodging
 - Level 2.0 Stealth
 - Level 2.0 Spellcasting
 + Level 2.0 Conjurations
 + Level 3.5 Fire Magic


You had 3 spell levels left.
You knew the following spells:

 Your Spells              Type           Power        Failure   Level  Hunger
a - Flame Tongue          Conj/Fire      #....        7%          1    #......

Your spell library contained the following spells:

 Spells                   Type           Power        Failure   Level  Hunger
 Fireball                 Conj/Fire      #.........   89%         5    ######.
 Conjure Flame            Conj/Fire      #.......     22%         3    ###....
 Throw Flame              Conj/Fire      #.....       11%         2    ###....
 Sticky Flame             Conj/Fire      #.......     56%         4    #####..
 Inner Flame              Hex/Fire       #.......     32%         3    ###....


Dungeon Overview and Level Annotations

Branches:
Dungeon (2/15)

Altars:

Annotations:
D:2 Jessica


Innate Abilities, Weirdness & Mutations

You have a beak for a mouth.
You have claws for feet.


Message History

Confirm with . or Enter, or press ? or * to list all spells.
Aiming: Flame Tongue (safe; 7% risk of failure)
Press: ? - help, Shift-Dir - straight line, f - Jessica
Aim: Jessica, wearing an embroidered robe The flame tongue hits Jessica.
Jessica resists.
Jessica is lightly wounded.
The bat hits you but does no damage.
Casting: Flame Tongue (safe; 7% risk of failure)
Confirm with . or Enter, or press ? or * to list all spells.
Aiming: Flame Tongue (safe; 7% risk of failure)
Press: ? - help, Shift-Dir - straight line, f/p - Jessica
Aim: Jessica, wearing an embroidered robe (lightly wounded)
The flame tongue hits Jessica.
Jessica resists.
Jessica is moderately wounded.
The bat hits you but does no damage.
Jessica very coldly says, "I hate your company."
Jessica points at you and mumbles some strange words.
Pain shoots through your body!
Ouch! That really hurt!
You die...

.###.....
........#
........'
........###
###
....w....# #
#.#
......##.#
#.#####
#...b..#
#.....#
#.@@#
#.#.###
#.#.###
#.#.#
#.#...#
#.#.#
#.###.#
#.#.#
######'###.#
#.#.#
#.)......#.#
#.#.#
#........#.#
#.#.#
+........#.#
#.#.#
#........#.#
#.#.##


You could see a dart slug, Jessica and a bat.

Vanquished Creatures
  A giant cockroach (D:2)
  A goblin (D:1)
  A bat (D:1)
  A frilled lizard (D:2)
  2 rats (D:1)
6 creatures vanquished.

Notes
Turn   | Place    | Note
-------+----------+-------------------------------------------
     0 | D:1      | iamserjio the Tengu Fire Elementalist began the quest for the Orb.
     0 | D:1      | Reached XP level 1. HP: 10/10 MP: 4/4
   260 | D:2      | Noticed Jessica
   265 | D:2      | Killed from afar by Jessica

Vault maps used:
D:1:      scummos_arrival_forest, kennysheep_crisscross, st_stairs_3
D:2:      grunt_temple_overflow_open, uniq_jessica

Skill      XL: |  1 |
---------------+----+-----
Conjurations   | 2 |  2.0
Dodging        | |  2.1
Stealth        | |  2.0
Spellcasting   | |  2.0
Fire Magic     | |  3.5

Action                   || total
-------------------------++-------
Melee: Mace              ||     8
       Unarmed           ||     1
       Kick              ||     1
 Cast: Flame Tongue      ||     5
 Stab: Sleeping          ||     2
Armor: Robe              ||     3
Dodge: Dodged            ||     3

Table legend:
 A = Spawn XP
 B = Non-spawn XP
 C = Spawn XP percentage of total XP
 D = Spawn monster count
 E = Non-spawn monster count
 F = Spawn count percentage of total count
 G = Total turns spent on level
                    A         B        C        D         E        F      G
               +---------+---------+-------+---------+---------+-------+---------
         Total |       0 |       8 |   0.0 |       0 |       6 |   0.0 |   265
               +---------+---------+-------+---------+---------+-------+---------
           D:1 |       0 |       5 |   0.0 |       0 |       4 |   0.0 |   181
           D:2 |       0 |       3 |   0.0 |       0 |       2 |   0.0 |    84
               +---------+---------+-------+---------+---------+-------+---------
